 Dungeon Sprint DCSS version 0.22-a0-430-g6609fc6 (webtiles) character file.

361 raistware the Basher (level 6, -13/62 HPs)
             Began as an Ogre Fighter on May 26, 2018.
             Was an Elder of the Shining One.
             Mangled by a tengu warrior
             ... wielding a +0 battleaxe
              (15 damage)
             ... in the Dungeon (Sprint IX: "|||||||||||||||||||||||||||||").
             The game lasted 00:05:27 (747 turns).

raistware the Basher (Ogre Fighter)                  Turns: 747, Time: 00:05:28

Health: -13/62     AC:  5    Str: 23      XL:     6   Next: 66%
Magic:  1/6        EV: 10    Int:  9      God:    the Shining One [****..]
Gold:   0          SH: 14    Dex: 10 (11) Spells: 5/5 levels left

rFire    . . .     SeeInvis .   (no weapon)
rCold    . . .     Gourm    .   c - +0 shield
rNeg     + + .     Faith    .   b - +0 robe
rPois    .         Spirit   .   (helmet restricted)
rElec    .         Reflect  .   (no cloak)
rCorr    .         Harm     .   (gloves unavailable)
MR       .....     NoTele   +   (boots unavailable)
Stlth    +.........             (no amulet)
HPRegen  0.20/turn              a - +2 ring of protection
MPRegen  0.10/turn              p - +3 ring of dexterity

@: divine shield, very slightly contaminated, glowing
A: large, unfitting armour, tough skin 1
a: Divine Shield, Cleansing Flame, Renounce Religion


You were in the Dungeon.
You worshipped the Shining One.
The Shining One was greatly pleased with you.
You were not hungry.

You visited 1 branch

Inventory:

Hand Weapons
 o - a +2 dire flail of crushing
Armour
 b - a +0 robe (worn)
 c - a +0 shield (worn)
Jewellery
 a - a +2 ring of protection (left hand)
 p - a +3 ring of dexterity (right hand)
Wands
 n - a wand of iceblast (6)
Scrolls
 k - a scroll of blinking
 l - 3 scrolls of remove curse
 m - 2 scrolls of amnesia
Potions
 i - 4 potions of magic
Comestibles
 d - 3 chunks of flesh
 f - a ration


   Skills:
 - Level 4.0 Fighting
 * Level 11.0 Maces & Flails
 + Level 6.6 Dodging
 - Level 2.6 Shields


You had 5 spell levels left.
You didn't know any spells.
Your spell library was empty.

Dungeon Overview and Level Annotations

Branches:
Dungeon (1/1)

Altars:
Cheibriados
Dithmenos
Elyvilon
Fedhas
Gozag
Hepliaklqana
Kikubaaqudgha
Makhleb
Nemelex Xobeh
Okawaru
Qazlal
Ru
Sif Muna
Trog
Uskayaw
Vehumet
Wu Jian
Xom
Yredelemnul
Zin
The Shining One
Beogh
Jiyva
Lugonu


Innate Abilities, Weirdness & Mutations

You are too large for most types of armour.
You have tough skin. (AC +1)


Message History

The tengu warrior is lightly wounded.
You block the tengu warrior's attack. x3
You hit the tengu warrior but do no damage.
The tengu warrior is lightly wounded.
The tengu warrior closely misses you. The tengu warrior barely misses you.
The tengu warrior claws you.
You closely miss the tengu warrior.
The tengu warrior is lightly wounded.
The tengu warrior hits you with a battleaxe!!
* * * LOW HITPOINT WARNING * * *
The tengu warrior pecks you. The Shining One protects you from harm!
The tengu warrior completely misses you.
Okay, then.
You closely miss the tengu warrior.
The tengu warrior is lightly wounded.
You hit the tengu warrior.
The tengu warrior is moderately wounded.
The tengu warrior hits you with a battleaxe!
You die... ▓▓▓▓▓▓▓▓▓▓▓▓▓▓▓▓▓▓▓▓▓▓▓▓▓▓▓▓▓▓▓▓▓ ...')....'______@QYyZZ____y______ ▓▓▓▓▓▓▓▓▓▓▓▓▓▓▓▓▓▓▓▓▓▓▓▓▓▓▓▓▓▓▓▓▓

You could see a tengu warrior, a yak, a vampire mosquito, a bat zombie and a bat skeleton.

Vanquished Creatures
  An orc warrior (D)
  A necrophage (D)
  A bullfrog (D)
  A quasit (D)
  A hound (D)
  A gnoll (D)
  2 adders (D)
  A shadow imp (D)
  An orc (D)
  A bat (D)
  A giant cockroach (D)
  A goblin (D)
  A kobold (D)
  A ball python zombie (D)
  A frilled lizard (D)
16 creatures vanquished.

Notes
Turn   | Place    | Note
-------+----------+-------------------------------------------
     0 | D        | raistware the Ogre Fighter began the quest for the Orb.
     0 | D        | Reached XP level 1. HP: 24/24 MP: 1/1
    14 | D        | Reached skill level 2 in Maces & Flails
    15 | D        | Reached skill level 3 in Maces & Flails
    30 | D        | Noticed a hound
    36 | D        | Reached skill level 4 in Maces & Flails
    36 | D        | Reached XP level 2. HP: 32/32 MP: 2/2
    46 | D        | Reached skill level 6 in Maces & Flails
    46 | D        | Reached XP level 3. HP: 39/39 MP: 3/3
    54 | D        | Reached skill level 7 in Maces & Flails
    54 | D        | Reached XP level 4. HP: 22/48 MP: 4/4
    64 | D        | Found a roughly hewn altar of Beogh.
    64 | D        | Found a snail-covered altar of Cheibriados.
    64 | D        | Found a shadowy altar of Dithmenos.
    64 | D        | Found a white marble altar of Elyvilon.
    64 | D        | Found a blossoming altar of Fedhas.
    64 | D        | Found an opulent altar of Gozag.
    65 | D        | Found a hazy altar of Hepliaklqana.
    66 | D        | Found a viscous altar of Jiyva.
    67 | D        | Found an ancient bone altar of Kikubaaqudgha.
    68 | D        | Found a corrupted altar of Lugonu.
    69 | D        | Found a burning altar of Makhleb.
    70 | D        | Found a sparkling altar of Nemelex Xobeh.
    71 | D        | Found an iron altar of Okawaru.
    72 | D        | Found a stormy altar of Qazlal.
    73 | D        | Found a sacrificial altar of Ru.
    74 | D        | Found a deep blue altar of Sif Muna.
    75 | D        | Found a bloodstained altar of Trog.
    76 | D        | Found a hide-covered altar of Uskayaw.
    77 | D        | Found a radiant altar of Vehumet.
    78 | D        | Found an ornate altar of the Wu Jian Council.
    79 | D        | Found a shimmering altar of Xom.
    80 | D        | Found a basalt altar of Yredelemnul.
    81 | D        | Found a glowing silver altar of Zin.
    82 | D        | Found a glowing golden altar of the Shining One.
    90 | D        | Became a worshipper of the Shining One
   207 | D        | Noticed an orc warrior
   207 | D        | Reached * piety under the Shining One
   207 | D        | Noticed a bullfrog
   207 | D        | Noticed a necrophage
   207 | D        | Reached ** piety under the Shining One
   216 | D        | HP: 2/48 [orc warrior/glaive (8)]
   229 | D        | Killed an orc warrior
   229 | D        | Reached skill level 9 in Maces & Flails
   229 | D        | Reached XP level 5. HP: 12/54 MP: 5/5
   531 | D        | Reached skill level 5 in Dodging
   534 | D        | Reached skill level 10 in Maces & Flails
   534 | D        | Reached XP level 6. HP: 30/62 MP: 2/6
   540 | D        | Killed a necrophage
   540 | D        | Reached skill level 11 in Maces & Flails
   693 | D        | Reached *** piety under the Shining One
   693 | D        | Noticed a tengu warrior
   693 | D        | Reached **** piety under the Shining One
   693 | D        | Noticed a yak
   693 | D        | Noticed a vampire mosquito
   745 | D        | HP: 1/62 [tengu warrior/battleaxe (18)]
   745 | D        | The Shining One protects you from harm!
   747 | D        | Mangled by a tengu warrior

Vault maps used:
D:        linesprint

Skill      XL: |  1  2  3  4  5  6 |
---------------+-------------------+-----
Maces & Flails | 4 6 7 9 10 11 | 11.0
Dodging        | 4 5 6 |  6.6
Fighting       | |  4.0
Shields        | |  2.6

Action                   |  1- 3 |  4- 6 || total
-------------------------+-------+-------++-------
Melee: Flail             |    39 |       ||    39
       Unarmed           |       |    94 ||    94
Invok: Divine Shield     |       |     2 ||     2
       Cleansing Flame   |       |     1 ||     1
Evoke: Wand              |       |     4 ||     4
  Use: Potion            |     2 |     9 ||    11
       Scroll            |       |     1 ||     1
Armor: Robe              |    13 |    77 ||    90
Dodge: Dodged            |    12 |    74 ||    86
Block: Shield            |    13 |    64 ||    77

Table legend:
 A = Spawn XP
 B = Non-spawn XP
 C = Spawn XP percentage of total XP
 D = Spawn monster count
 E = Non-spawn monster count
 F = Spawn count percentage of total count
 G = Total turns spent on level
                    A         B        C        D         E        F      G
               +---------+---------+-------+---------+---------+-------+---------
         Total |       0 |     516 |   0.0 |       0 |      16 |   0.0 |   747
               +---------+---------+-------+---------+---------+-------+---------
             D |       0 |     516 |   0.0 |       0 |      16 |   0.0 |   747
               +---------+---------+-------+---------+---------+-------+---------
